AoeStats
← WackieChan_

Arabia

505259223Analyzed
4v4 RM · 25d ago on Sep 8, 2026· 27m 19s· 8 players
Game mode
Random Map
Map size
Large (8 player)
Population
200
Speed
Normal
Resources
Standard
Victory
Conquest
Starting age
Dark Age
Ending age
Imperial Age
RankedLock teamsTeams togetherTeam positionsShared explorationLock speedFull tech treeHidden civsTurbo modeCheats
Victory
Defeat
🇨🇦 Teutons · Canada
1666
+11
🇧🇩 Italians · Bangladesh
1665
+11
🇧🇩 Wu · Bangladesh
1637
+12
🇷🇺 Georgians · Russia
1416
+22
🇦🇷 Malians · Argentina
1588
-15
🇵🇪 Persians · Peru
1576
-15
🇺🇸 Burgundians · United States
1551
-14
🇩🇪 Slavs · Germany
1504
-12
DJ Pesto
6:36 Loom
8:47 Feudal Age
9:24 Double-Bit Axe
18:28 Wheelbarrow
19:04 Forging
21:19 Castle Age
19:29 Scale Barding Armor
20:31 Bloodlines
20:47 Gold Mining
21:19 Horse Collar
21:22 Light Cavalry
22:23 Chain Barding Armor
22:06 Husbandry
DarkWolf110722
5:58 Loom
8:37 Feudal Age
18:18 Scale Barding Armor
22:11 Castle Age
20:35 Double-Bit Axe
21:30 Bloodlines
22:25 Gold Mining
23:02 Chain Barding Armor
23:35 Husbandry
scoop
4:34 Double-Bit Axe
6:45 Loom
9:38 Feudal Age
Tequila Sunset
6:41 Loom
8:44 Feudal Age
11:11 Fletching
17:01 Padded Archer Armor
17:16 Double-Bit Axe
25:07 Wheelbarrow
25:24 Horse Collar
TomRiddle
6:18 Loom
8:54 Feudal Age
8:57 Man-at-Arms
14:32 Town Watch
14:45 Horse Collar
17:01 Double-Bit Axe
17:51 Scale Mail Armor
22:02 Wheelbarrow
25:16 Castle Age
24:06 Forging
25:18 Pikeman
26:27 Chain Mail Armor
27:01 Squires
Septim
6:30 Loom
9:22 Feudal Age
10:51 Double-Bit Axe
11:56 Town Watch
13:09 Fletching
21:07 Padded Archer Armor
23:09 Horse Collar
ThreeEyedRaven
5:54 Loom
8:24 Feudal Age
9:02 Double-Bit Axe
17:34 Scale Barding Armor
18:31 Forging
18:52 Horse Collar
20:20 Bloodlines
25:12 Castle Age
23:18 Gold Mining
25:17 Light Cavalry
25:58 Husbandry
26:21 Chain Barding Armor
26:31 Husbandry
27:53 Bow Saw
WackieChan_
5:18 Loom
8:37 Feudal Age
9:53 Double-Bit Axe
14:45 Forging
16:06 Wheelbarrow
18:12 Scale Barding Armor
18:26 Bloodlines
18:01 Horse Collar
25:25 Castle Age
23:59 Scale Mail Armor
25:30 Pikeman
26:27 Chain Mail Armor
27:29 Town Watch
27:56 Bow Saw
Connection lost

Rejoining the realm…

Still unreachable

The connection could not be restored.

Session expired

The server has moved on; the page needs a fresh start.